 Dungeon Crawl Stone Soup version 0.31-a0-771-g505c3d19dc (webtiles) character file.

Game seed: 3039205270865978934

21 greenreed the Ruffian (level 2, -1/27 HPs)
             Began as a Troll Shapeshifter on Sept 16, 2023.
             Slain by Terence
             ... wielding a +0 flail
              (8 damage)
             ... on level 2 of the Dungeon.
             The game lasted 00:02:08 (1184 turns).

greenreed the Ruffian (Troll Shapeshifter)          Turns: 1184, Time: 00:02:09

Health: -1/27      AC:  4    Str: 21    XL:     2   Next: 62%
Magic:  1/1        EV:  9    Int:  6    God:
Gold:   69         SH:  0    Dex:  9    Spells: 1/1 levels left

rFire   . .          .
                       - Unarmed
rCold   . . .        (no shield)
rNeg    . . .        a - +0 animal skin
rPois   .            (helmet currently unavailable)
rElec   .            (cloak currently unavailable)
rCorr   .            (gloves unavailable)
SInv    .            (boots unavailable)
Will    .....        q - amulet of regeneration
Stlth   +            l - ring of flight
HPRegen 1.84/turn    (no ring)
MPRegen 0.07/turn

%: no passive effects
@: beast-form, flying
A: beast (slay +1), large, unfitting armour, claws 3, regeneration 1, shaggy fur
1, tough skin 1
a: Begin Untransformation


You were on level 2 of the Dungeon.
You were a hulking beast.
You visited 1 branch of the dungeon, and saw 2 of its levels.

You collected 69 gold pieces.

Inventory:

Armour
 a - a +0 animal skin (worn)
 i - an orb of wrath
Jewellery
 l - a ring of flight (left claw)
 q - an amulet of regeneration (around neck)
Talismans
 c - a beast talisman (active)
 d - a flux talisman
Scrolls
 f - 4 scrolls of identify {unknown}
 g - 2 scrolls of teleportation {unknown}
 h - a scroll of summoning {unknown}
 j - a scroll of noise {unknown}
 k - 2 scrolls of fog {unknown}
 o - a scroll of revelation {unknown}
Potions
 b - a potion of lignification
 e - a potion of heal wounds {unknown}
 m - a potion of mutation {unknown}
 n - a potion of haste {unknown}
 p - a potion of curing {unknown}


   Skills:
 * Level 1.4 Fighting
 + Level 1.7 Dodging
 * Level 3.3 Unarmed Combat
 + Level 3.1 Shapeshifting


You had one spell level left.
You didn't know any spells.
Your spell library was empty.

Dungeon Overview and Level Annotations

Branches:
Dungeon (2/15)

Altars:

Annotations:
D:2 1 runed translucent door, Crazy Yiuf, Terence


Innate Abilities, Weirdness & Mutations

You are a hulking beast.
Your limbs bulge with bestial killing power. (Slay +1)
You are too large for most types of armour.
You have claws for hands.
Your natural rate of healing is unusually fast.
You are covered in fur. (AC +1)
You have tough skin. (AC +1)


Message History

The hobgoblin closely misses you.
You scratch the hobgoblin.
You kill the hobgoblin!
No target in view!
You start putting on your amulet.
You continue putting on your amulet of regeneration.
HP restored.
You continue putting on your amulet of regeneration. x4
You finish putting on your amulet of regeneration.
The amulet throbs as it attunes itself to your uninjured body.
q - an amulet of regeneration (around neck)
You fly up into the air.
l - a ring of flight (left claw)
You reach down and open the door.
There is an open door here.
You now have 69 gold pieces (gained 11).
Terence the Incautious comes into view.
He is wielding a +0 flail and carrying a wand of flame.
Terence shouts!
Terence hits you with a +0 flail!
A rat comes into view.
You scratch Terence but do no damage. Terence hits you with a +0 flail.
You are too injured to fight recklessly!
You are too injured to fight recklessly!
You scratch Terence but do no damage. Terence barely misses you.
You barely miss Terence. Terence hits you with a +0 flail!
* * * LOW HITPOINT WARNING * * *
You scratch Terence.
Terence is moderately wounded.
Terence hits you with a +0 flail!
* * * LOW HITPOINT WARNING * * *
You scratch Terence but do no damage.
Terence is moderately wounded.
Terence barely misses you.
You scratch Terence.
Terence is heavily wounded.
Terence barely misses you.
You scratch Terence.
Terence is heavily wounded.
Terence hits you with a +0 flail!
You die...

. # .## # #. ..#
.# .##.##. #+#
..... #.# .r. #.#
#@# ##.## #h#
####...## #.#
........########.#
.................#
........##########
#####...#
≈≈≈≈#.### ≈...#.#
≈...#.#


You could see Terence and a rat.

Vanquished Creatures
  A dart slug (D:1)
  A bat (D:1)
  3 endoplasms
  A giant cockroach (D:1)
  2 goblins (D:1)
  A hobgoblin (D:2)
  A quokka (D:1)
  3 ball pythons
  A frilled lizard (D:1)
  2 kobolds (D:1)
  3 rats
19 creatures vanquished.

Notes
Turn   | Place    | Note
-------+----------+-------------------------------------------
     0 | D:1      | greenreed the Troll Shapeshifter began the quest for the
                  | Orb.
     0 | D:1      | Reached XP level 1. HP: 18/18 MP: 0/0
   188 | D:1      | Reached skill level 1 in Fighting
   431 | D:1      | Reached XP level 2. HP: 26/27 MP: 1/1
   860 | D:2      | Found a runed translucent door.
   861 | D:2      | Noticed Crazy Yiuf
  1174 | D:2      | Noticed Terence
  1184 | D:2      | Slain by Terence

Illustrated notes

Levels and vault maps discovered:
D:1:      dpeg_arrival_refuge, layout_loops_corners, minmay_crystal_room,
          minmay_vboxes
D:2:      layout_loops_corners, serial_rivers, chequers_serial_rivers_small_3,
          chequers_serial_rivers_small_3, chequers_serial_rivers_small_a,
          chequers_serial_rivers_room_a, shapermc_ecumenical_altar_hornbeckon,
          grunt_ministairs_7, uniq_crazy_yiuf_cottage, uniq_terence

Skill      XL: |  1 |
---------------+----+-----
Fighting       | 1 |  1.4
Dodging        | |  1.7
Unarmed Combat | |  3.3
Shapeshifting  | |  3.1

Action                     || total
---------------------------++-------
  Melee: Unarmed           ||    52
         Punch             ||     1
   Stab: Sleeping          ||     3
 Armour: Animal skin       ||    28
  Dodge: Dodged            ||    21

Table legend: (Time is in decaauts)
 A = Elapsed time spent in this place.
 B = Non-inter-level travel time spent in this place.
 C = Inter-level travel time spent in this place.
 D = Time resting spent in this place.
 E = Time spent auto-exploring this place.
 F = Levels seen in this place.
 G = Mean time per level.
                   A        B        C        D        E       F      G
               +--------+--------+--------+--------+--------+-----+--------+
         Total |   1179 |   1157 |     22 |      0 |   1008 |   2 |  589.5 |
       Dungeon |   1179 |   1157 |     22 |      0 |   1008 |   2 |  589.5 |
               +--------+--------+--------+--------+--------+-----+--------+

Top non-repeatable levels by time:
     D:1: 824 daAuts
     D:2: 355 daAuts
